 Dungeon Crawl Stone Soup version 0.25-a0-503-ge281fa673e (webtiles) character file.

Game seed: 10761847603519697279, levelgen mode: deterministic

560 manyhoops the Chopper (level 7, 0/56 HPs)
             Began as a Gnoll Wanderer on Feb 13, 2020.
             Slain by a killer bee (4 damage)
             ... on level 8 of the Dungeon.
             The game lasted 00:09:50 (3667 turns).

manyhoops the Chopper (Gnoll Wanderer)              Turns: 3667, Time: 00:09:51

Health: 0/56       AC:  6    Str: 15    XL:     7   Next: 31%
Magic:  9/9        EV: 17    Int: 16    God:
Gold:   190        SH:  0    Dex: 19    Spells: 10/10 levels left

rFire    . . .     SeeInvis .   a - +2 hand axe
rCold    . . .     Gourm    .   (no shield)
rNeg     . . .     Faith    .   b - +0 ring mail
rPois    .         Spirit   .   (no helmet)
rElec    .         Reflect  .   (no cloak)
rCorr    .         Harm     .   (no gloves)
MR       +....                  h - +0 pair of boots
Stlth    +++.......             (no amulet)
HPRegen  0.18/turn              (no ring)
MPRegen  0.11/turn              (no ring)

@: agile
A: distributed training, fangs 2, low mp 1, magic resistance 1, strong nose
a: no special abilities


You were on level 8 of the Dungeon.
You were hungry.

You visited 1 branch of the dungeon, and saw 6 of its levels.

You collected 190 gold pieces.

Inventory:

Hand Weapons
 a - a +2 hand axe (weapon)
 d - a +0 dagger
Missiles
 n - 4 boomerangs
 q - a poisoned dart (quivered)
Armour
 b - a +0 ring mail (worn)
 h - a +0 pair of boots (worn)
Jewellery
 p - an uncursed amulet of faith
Wands
 c - a wand of random effects (14)
Scrolls
 g - a scroll of remove curse
 o - a scroll of immolation {unknown}
 s - a scroll of noise
Comestibles
 f - 13 rations


   Skills:
 + Level 5.2 Fighting
 + Level 2.3 Short Blades
 + Level 2.3 Long Blades
 + Level 7.0 Axes
 + Level 2.3 Maces & Flails
 + Level 2.3 Polearms
 + Level 2.3 Staves
 + Level 2.3 Slings
 + Level 2.3 Bows
 + Level 2.3 Crossbows
 + Level 3.5 Throwing
 + Level 2.3 Armour
 + Level 2.3 Dodging
 + Level 4.8 Stealth
 + Level 2.3 Shields
 + Level 3.5 Unarmed Combat
 + Level 2.3 Spellcasting
 + Level 1.9 Conjurations
 + Level 1.9 Hexes
 + Level 1.9 Charms
 + Level 1.9 Summonings
 + Level 1.9 Necromancy
 + Level 1.9 Translocations
 + Level 1.9 Transmutations
 + Level 1.9 Fire Magic
 + Level 1.9 Ice Magic
 + Level 1.9 Air Magic
 + Level 1.9 Earth Magic
 + Level 1.9 Poison Magic
 + Level 2.6 Invocations
 + Level 3.5 Evocations


You had 10 spell levels left.
You didn't know any spells.
Your spell library was empty.

Dungeon Overview and Level Annotations

Branches:
Dungeon (5/15)
 Temple: D:4-7

Altars:
Cheibriados
Okawaru
Ru
Uskayaw
Wu Jian
Yredelemnul
Zin


Innate Abilities, Weirdness & Mutations

Your experience applies equally to all skills.
You have extremely sharp teeth.
Your uncanny sense of smell can sniff out nearby items.
Your magical capacity is low. (-10% MP)
You are resistant to hostile enchantments. (MR+)


Message History

You throw a poisoned dart.
The poisoned dart misses the killer bee.
Throwing (i - inventory. (/) - cycle)
q - 2 poisoned darts (quivered)
Press: ? - help, Shift-Dir - straight line, f/p - killer bee
Aim: a killer bee You throw a poisoned dart.
The poisoned dart hits the killer bee.
The killer bee is poisoned.
The killer bee stings you but does no damage.
The killer bee stings you.
* * * LOW HITPOINT WARNING * * *
The killer bee stings you.
* * * LOW HITPOINT WARNING * * *
You aren't carrying any potions.
You barely miss the killer bee. Your punch misses the killer bee.
You closely miss the killer bee. You hit the killer bee.
You feel less wooden.
Your +0 pair of boots unmelds from your body.
Your +0 ring mail unmelds from your body.
The killer bee stings you.
You die...

### ####.#
#..y@#
.......yyy.#
......((..##
..........#
.#(..(.#.##
#......##
#(....#
#.....
##.....##


You could see 4 killer bees.

Vanquished Creatures
  An ice beast (D:8)
  2 bullfrogs (D:8)
  A scorpion (D:5)
  A killer bee (D:8)
  A bullfrog skeleton (D:5)
  An orc priest (D:8)
  A hound (D:4)
  5 adders (D:3)
  2 oozes
  A worm (D:2)
  A dart slug (D:2)
  A leopard gecko (D:3)
  6 orcs
  3 ball pythons
  10 bats
  3 giant cockroaches
  7 goblins
  6 hobgoblins
  21 jackals
  3 quokkas
  6 frilled lizards
  11 kobolds
  9 rats
103 creatures vanquished.

Notes
Turn   | Place    | Note
-------+----------+-------------------------------------------
     0 | D:1      | manyhoops the Gnoll Wanderer began the quest for the Orb.
     0 | D:1      | manyhoops set off with the following items: a +2 hand axe,
                  | a +0 ring mail, a wand of random effects (15), a +0 dagger,
                  | a ration
     0 | D:1      | Reached XP level 1. HP: 20/20 MP: 2/2
    23 | D:1      | Reached XP level 2. HP: 21/26 MP: 3/3
   309 | D:1      | Reached XP level 3. HP: 31/31 MP: 4/4
   646 | D:2      | Reached skill level 1 in Invocations
   826 | D:2      | Found a basalt altar of Yredelemnul.
   973 | D:2      | Reached skill level 1 in Short Blades
   973 | D:2      | Reached skill level 1 in Long Blades
   973 | D:2      | Reached skill level 1 in Maces & Flails
   973 | D:2      | Reached skill level 1 in Polearms
   973 | D:2      | Reached skill level 1 in Staves
   973 | D:2      | Reached skill level 1 in Slings
   973 | D:2      | Reached skill level 1 in Bows
   973 | D:2      | Reached skill level 1 in Crossbows
   973 | D:2      | Reached skill level 1 in Armour
   973 | D:2      | Reached skill level 1 in Dodging
   973 | D:2      | Reached skill level 1 in Shields
   973 | D:2      | Reached skill level 1 in Spellcasting
  1015 | D:2      | Found an iron altar of Okawaru.
  1018 | D:2      | Reached XP level 4. HP: 32/38 MP: 6/6
  1640 | D:3      | Found a hide-covered altar of Uskayaw.
  1693 | D:3      | Reached skill level 1 in Conjurations
  1693 | D:3      | Reached skill level 1 in Hexes
  1693 | D:3      | Reached skill level 1 in Charms
  1693 | D:3      | Reached skill level 1 in Summonings
  1693 | D:3      | Reached skill level 1 in Necromancy
  1693 | D:3      | Reached skill level 1 in Translocations
  1693 | D:3      | Reached skill level 1 in Transmutations
  1693 | D:3      | Reached skill level 1 in Fire Magic
  1693 | D:3      | Reached skill level 1 in Ice Magic
  1693 | D:3      | Reached skill level 1 in Air Magic
  1693 | D:3      | Reached skill level 1 in Earth Magic
  1693 | D:3      | Reached skill level 1 in Poison Magic
  1893 | D:3      | Found a snail-covered altar of Cheibriados.
  1902 | D:3      | Reached XP level 5. HP: 43/43 MP: 7/7
  2639 | D:3      | Found a glowing silver altar of Zin.
  2893 | D:4      | Found a sacrificial altar of Ru.
  3101 | D:4      | Found an ornate altar of the Wu Jian Council.
  3400 | D:5      | Entered Level 5 of the Dungeon
  3415 | D:5      | Reached XP level 6. HP: 39/50 MP: 8/8
  3611 | D:5      | You fall into a shaft and drop 3 floors!
  3612 | D:8      | Noticed a phantom
  3621 | D:8      | Gained mutation: You are resistant to hostile enchantments.
                  | (MR+) [potion of mutation]
  3621 | D:8      | Gained mutation: Your magical capacity is low. (-10% MP)
                  | [potion of mutation]
  3621 | D:8      | Gained mutation: You have extremely sharp teeth. [potion of
                  | mutation]
  3631 | D:8      | Noticed an ice beast
  3637 | D:8      | Reached skill level 5 in Fighting
  3659 | D:8      | Killed an ice beast
  3659 | D:8      | Reached skill level 7 in Axes
  3659 | D:8      | Reached XP level 7. HP: 16/56 MP: 9/9
  3667 | D:8      | Slain by a killer bee

Levels and vault maps discovered:
D:1:      dpeg_arrival_rooms_with_view, layout_basic
D:2:      layout_loops_ring, okawaru_metal_pillars_1_2,
          lemuel_coloured_pillars_altar, serial_bayou_pond_b
D:3:      layout_basic, nicolae_overflow_crystal_walls, zin_statuary,
          eat_drink_and_be_merry_uskayaw, first_ration
D:4:      layout_loops_cross, nicolae_ru_the_path_less_chosen,
          nicolae_overflow_hidden_temple
D:5:      layout_cave_pools, minmay_temple_entry_enclosed_plants, serial_glass,
          glass_columns_a, glass_columns_a, biasface_ghost_orc_armoury
D:8:      layout_cave_pools, kennysheep_mini, uniq_pikel

Skill      XL: |  1  2  3  4  5  6 |
---------------+-------------------+-----
Invocations    | 1 2 |  2.6
Short Blades   | 1 2 |  2.3
Long Blades    | 1 2 |  2.3
Maces & Flails | 1 2 |  2.3
Polearms       | 1 2 |  2.3
Staves         | 1 2 |  2.3
Slings         | 1 2 |  2.3
Bows           | 1 2 |  2.3
Crossbows      | 1 2 |  2.3
Armour         | 1 2 |  2.3
Dodging        | 1 2 |  2.3
Shields        | 1 2 |  2.3
Spellcasting   | 1 2 |  2.3
Conjurations   | 1 |  1.9
Hexes          | 1 |  1.9
Charms         | 1 |  1.9
Summonings     | 1 |  1.9
Necromancy     | 1 |  1.9
Translocations | 1 |  1.9
Transmutations | 1 |  1.9
Fire Magic     | 1 |  1.9
Ice Magic      | 1 |  1.9
Air Magic      | 1 |  1.9
Earth Magic    | 1 |  1.9
Poison Magic   | 1 |  1.9
Throwing       | 3 |  3.5
Unarmed Combat | 3 |  3.5
Evocations     | 3 |  3.5
Fighting       | 5 |  5.2
Axes           | 7 |  7.0
Stealth        | |  4.8

Action                   |  1- 3 |  4- 6 |  7- 9 || total
-------------------------+-------+-------+-------++-------
Melee: Hand axe          |   128 |   171 |     3 ||   302
       Bite              |     8 |    18 |       ||    26
       Punch             |       |     1 |       ||     1
Throw: Dart              |       |       |     5 ||     5
Evoke: Wand              |       |     1 |       ||     1
  Use: Scroll            |     2 |     6 |       ||     8
       Potion            |       |     7 |       ||     7
 Stab: Sleeping          |     5 |     3 |       ||     8
  Eat: Chunk             |       |     5 |       ||     5
       Ration            |       |     1 |       ||     1
Armor: Ring mail         |    57 |    61 |       ||   118
       Skin              |       |    80 |     3 ||    83
Dodge: Dodged            |    70 |   107 |       ||   177

Table legend:
 A = Non-vault XP
 B = Vault XP
 C = Vault XP percentage of total XP
 D = Non-vault monster count
 E = Vault monster count
 F = Vault count percentage of total count
                 A         B        C        D         E       F
            +---------+---------+-------+---------+---------+-------
      Total |     792 |       9 |   1.1 |      99 |       4 |   3.9
            +---------+---------+-------+---------+---------+-------
        D:1 |      45 |       4 |   8.2 |      25 |       2 |   7.4
        D:2 |      52 |       5 |   8.8 |      30 |       2 |   6.2
        D:3 |     120 |       0 |   0.0 |      31 |       0 |   0.0
        D:4 |      42 |       0 |   0.0 |       2 |       0 |   0.0
        D:5 |     110 |       0 |   0.0 |       2 |       0 |   0.0
        D:8 |     423 |       0 |   0.0 |       9 |       0 |   0.0
            +---------+---------+-------+---------+---------+-------
